 Dungeon Crawl Stone Soup version 0.20.1-1-g8b1a95d (webtiles) character file.

16628 Jerry the Basher (level 12, -4/92 HPs)
             Began as a Demonspawn Chaos Knight on Oct 21, 2017.
             Slain by a tyrant leech (19 damage)
             ... on level 3 of the Lair of Beasts.
             The game lasted 01:03:30 (15055 turns).

Jerry the Basher (Demonspawn Chaos Knight)         Turns: 15055, Time: 01:03:30

Health: -4/92      AC: 11    Str: 17 (20) XL:     12   Next: 11%
Magic:  12/12      EV: 11    Int: 20      God:    Xom [....*.]
Gold:   1360       SH:  5    Dex: 15 (19) Spells: 11/11 levels left

rFire    . . .     SeeInvis .   w - +2 whip (freeze)
rCold    + . .     Gourm    .   B - +0 buckler
rNeg     . . .     Faith    .   H - +0 troll leather armour
rPois    +         Spirit   .   h - +2 hat
rElec    +         Reflect  .   F - +2 cloak "Ystorgh" {Int+3}
rCorr    .         Harm     .   (no gloves)
MR       +....                  (boots unavailable)
Stlth    ++........             (no amulet)
Regen    2.1/turn               e - ring of poison resistance
MPRegen  0.2/turn               S - +2 ring of strength

@: no status effects
A: horns 1, talons 3, camouflage 1, agile 2, blink, clever 2, cold resistance 1,
demonic guardian 2, deterioration 1, magic resistance 1, powered by death 1,
regeneration 1, electricity resistance, strong 1, wild magic 1
a: Blink, Renounce Religion


You were on level 3 of the Lair of Beasts.
You worshipped Xom.
You were a beloved toy of Xom.
You were not hungry.

You visited 2 branches of the dungeon, and saw 14 of its levels.

You collected 1428 gold pieces.
You spent 68 gold pieces at shops.

Inventory:

Hand Weapons
 w - a +2 whip of freezing (weapon)
Armour
 h - a +2 hat (worn)
 l - a +2 large shield
 B - a +0 buckler (worn)
 F - the +2 cloak "Ystorgh" (worn) {Int+3}
   (You found it on level 7 of the Dungeon)

   It affects your intelligence (+3).
 H - a +0 troll leather armour (worn)
 P - a +3 leather armour of fire resistance
Jewellery
 e - a ring of poison resistance (left hand)
 y - an uncursed ring of protection from fire
 D - an uncursed ring of resist corrosion
 I - an uncursed ring of protection from magic
 S - a +2 ring of strength (right hand)
Wands
 a - a wand of iceblast (8/15)
 C - a wand of lightning (11/15)
 J - a wand of acid (7/15)
 K - a wand of iceblast (6/15)
 N - a wand of acid (9/15)
 U - a wand of acid (12/15)
Scrolls
 g - 3 scrolls of remove curse
 j - a scroll of fear
 k - 3 scrolls of enchant weapon
 m - 2 scrolls of amnesia
 n - 3 scrolls of blinking
 o - 3 scrolls of magic mapping
 q - 2 scrolls of teleportation
 r - 3 scrolls of enchant armour
 M - 2 scrolls of recharging
 R - 4 scrolls of identify
Potions
 d - a potion of agility
 i - 2 potions of mutation
 p - 2 potions of haste
 s - a potion of cancellation
 t - 6 potions of brilliance
 u - 2 potions of curing
 v - 6 potions of flight {unknown}
 x - 6 potions of lignification
 A - a potion of degeneration {unknown}
 E - 2 potions of magic {unknown}
 G - 2 potions of heal wounds {unknown}
Books
 L - a Young Poisoner's Handbook

   Spells                             Type                      Level
   a - Sting                          Conjuration/Poison           1
   b - Poisonous Vapours              Poison/Air                   2
   c - Mephitic Cloud                 Conjuration/Poison/Air       3
   d - Olgreb's Toxic Radiance        Poison                       4
   e - Venom Bolt                     Conjuration/Poison           5
 O - a book of Frost

   Spells                             Type                      Level
   a - Freeze                         Ice                          1
   b - Throw Frost                    Conjuration/Ice              2
   c - Ozocubu's Armour               Charms/Ice                   3
   d - Throw Icicle                   Conjuration/Ice              4
   e - Summon Ice Beast               Ice/Summoning                4
 Q - a book of Clouds

   Spells                             Type                      Level
   a - Poisonous Vapours              Poison/Air                   2
   b - Mephitic Cloud                 Conjuration/Poison/Air       3
   c - Conjure Flame                  Conjuration/Fire             3
   d - Freezing Cloud                 Conjuration/Ice/Air          6
   e - Ring of Flames                 Charms/Fire                  7
 V - a book of Misfortune

   Spells                             Type                      Level
   a - Confusing Touch                Hexes                        1
   b - Confuse                        Hexes                        3
   c - Gell's Gravitas                Translocation                3
   d - Petrify                        Transmutation/Earth          4
   e - Metabolic Englaciation         Hexes/Ice                    5
   f - Yara's Violent Unravelling     Hexes/Transmutation          5
Comestibles
 b - 11 royal jellies
 c - 4 bread rations
 f - 8 meat rations
 z - 16 fruits
 T - 5 chunks of flesh


   Skills:
 + Level 7.7 Fighting
 * Level 11.9 Maces & Flails
 + Level 11.6 Armour
 - Level 0.8 Dodging
 - Level 4.6 Shields


You had 11 spell levels left.
You didn't know any spells.

Dungeon Overview and Level Annotations

Branches:
Dungeon (11/15)            Temple (0/1) D:5            Lair (3/6) D:11
    Orc (0/2) D:11
  Swamp: Lair:2-4    Shoals: Lair:2-4     Snake: Lair:2-4    Spider: Lair:2-4

Altars:
Elyvilon
Hepliaklqana
Nemelex Xobeh
Okawaru
Sif Muna
Uskayaw
Xom
Yredelemnul
The Shining One

Shops:
D:11 ?

Annotations:
D:8 Grum


Innate Abilities, Weirdness & Mutations

You have claws for feet.
A demonic guardian rushes to your aid.
You regenerate a little health from kills.
You have a pair of small horns on your head.
Your skin changes colour to match your surroundings (Stealth+).
You are very agile. (Dex +4)
You can translocate small distances at will.
Your mind is very acute. (Int +4)
Your flesh is cold resistant. (rC+)
Your body sometimes deteriorates upon taking damage.
You are resistant to hostile enchantments. (MR+)
Your natural rate of healing is unusually fast.
You are resistant to electric shocks. (rElec)
Your muscles are strong. (Str +2)
Your spells are a little harder to cast, but a little more powerful.


Message History

Your smoke demon misses the tyrant leech.
Your smoke demon hits the tyrant leech but does no damage.
There is a stone staircase leading up here.
Your smoke demon disappears in a puff of smoke!
The tyrant leech stops glowing.
Your sixfirhy closely misses the tyrant leech.
Your sixfirhy hits the tyrant leech!
Your sixfirhy shocks the tyrant leech!
Your sixfirhy hits the tyrant leech.
Your sixfirhy shocks the tyrant leech!
Your sixfirhy closely misses the tyrant leech.
Your sixfirhy completely misses the tyrant leech.
Your sixfirhy hits the tyrant leech.
Your sixfirhy shocks the tyrant leech!
You hit the tyrant leech but do no damage.
You claw the tyrant leech, but do no damage.
You headbutt the tyrant leech.
You kill the tyrant leech!
You feel your dexterity returning.
Your sixfirhy barely misses the tyrant leech.
Your sixfirhy hits the tyrant leech.
Your sixfirhy shocks the tyrant leech!
The tyrant leech bites you!!
You die...

#...............
#..............#
##.............##
##..<.........#.#
#............## #
#...#..P...#.#.#
...#..#....######
.. ###.#.3w#####
. ####..@#..#
###†...#
#P........
###.......
....... ##.....
..... .... ....


You could see a tyrant leech and a friendly sixfirhy.

Vanquished Creatures
  3 two-headed ogres
  Pikel (D:8)
  An ugly thing (D:10)
  A cyclops (D:11)
  A centaur zombie (D:10)
  Psyche (D:8)
  A black mamba (Lair:2)
  2 spiny frogs (Lair:2)
  5 komodo dragons
  2 trolls
  Grinder (D:6)
  A tyrant leech (Lair:3)
  Prince Ribbit (D:7)
  3 hippogriffs
  4 slime creatures (D:11)
  Sigmund (D:2)
  A shadow (D:11)
  A vampire (D:10)
  4 yaks
  Eustachio (D:5)
  3 hungry ghosts
  A soldier ant (D:10)
  4 porcupines
  2 water moccasins
  3 orc warriors
  A phantom (D:10)
  An ice beast (D:7)
  A black bear (D:8)
  2 ogres (D:5)
  A necrophage (D:7)
  3 centaurs
  3 crocodiles
  2 big kobolds
  11 bullfrogs
  A gnoll sergeant (D:7)
  5 scorpions
  7 killer bees
  2 howler monkeys
  5 crimson imps
  A quasit (D:10)
  5 jellies
  3 hounds
  6 orc wizards
  A bullfrog skeleton (D:6)
  6 orc priests
  A gnoll shaman (D:6)
  A centaur skeleton (D:7)
  An iguana (D:4)
  6 worker ants
  A hound zombie (D:5)
  A hound skeleton (D:5)
  14 gnolls
  11 adders
  A river rat (D:6)
  5 shadow imps
  3 oozes
  An adder skeleton (D:5)
  An adder zombie (D:6)
  5 worms
  3 leopard geckos
  66 orcs
  2 ball pythons
  2 giant cockroaches
  11 hobgoblins
  14 jackals
  4 quokkas
  14 bats
  7 frilled lizards
  9 goblins
  26 kobolds
  A leopard gecko skeleton (D:4)
  8 rats
335 creatures vanquished.

Vanquished Creatures (collateral kills)
  The ghost of LittCuttar the Cleaver, a novice MiFi of the Shining One (D:8)
  A spiny frog (Lair:1)
  A troll (D:9)
  A tyrant leech (Lair:3)
  2 hornets (D:10)
  7 yaks
  A steam dragon (D:7)
  A hungry ghost (D:8)
  Menkaure (D:5)
  A soldier ant (D:10)
  An eye of draining (D:9)
  2 ogres
  A crocodile (Lair:2)
  A big kobold (D:9)
  A scorpion (D:4)
  A killer bee (D:10)
  A quasit (D:8)
  2 hounds
  A bullfrog skeleton (D:11)
  2 orc wizards (D:8)
  An iguana (D:4)
  A hound skeleton (D:5)
  8 orcs
  A hobgoblin (D:5)
  A jackal skeleton (D:8)
  2 kobolds
44 creatures vanquished.

Vanquished Creatures (others)
  A hornet (D:9)
  4 slaves (D:8)
  A centaur (D:8)
  A scorpion (D:8)
  A quasit (D:8)
  An orc priest (D:8)
  An orc wizard (D:8)
  2 orcs
12 creatures vanquished.

Grand Total: 391 creatures vanquished

Notes
Turn   | Place    | Note
-------+----------+-------------------------------------------
     0 | D:1      | Jerry the Demonspawn Chaos Knight began the quest for the Orb.
     0 | D:1      | Reached XP level 1. HP: 18/18 MP: 1/1
   107 | D:1      | Gained mutation: You regenerate a little health from kills. [demonic ancestry]
   107 | D:1      | Reached XP level 2. HP: 24/24 MP: 2/2
   614 | D:1      | XOM: divination: magic mapping
   712 | D:1      | Reached XP level 3. HP: 27/29 MP: 3/3
   862 | D:2      | XOM: harmless Tmut miscast
   979 | D:2      | XOM: noise
  1204 | D:2      | XOM: give mutations
  1204 | D:2      | Gained mutation: Your flesh is cold resistant. (rC+) [Xom's mischief]
  1204 | D:2      | Gained mutation: You are weak. (Str -2) [Xom's mischief]
  1204 | D:2      | Lost mutation: You are weak. (Str -2) [Xom's mischief]
  1282 | D:2      | XOM: mild Erth miscast
  1362 | D:2      | Reached XP level 4. HP: 35/35 MP: 4/4
  1382 | D:2      | Noticed Sigmund
  1406 | D:2      | XOM: noise
  1409 | D:2      | Killed Sigmund
  1409 | D:2      | Gained mutation: You have sharp toenails. [demonic ancestry]
  1409 | D:2      | Reached XP level 5. HP: 37/41 MP: 5/5
  1622 | D:2      | XOM: 1-stop teleportation journey
  1679 | D:2      | XOM: 8-stop teleportation journey
  1726 | D:2      | XOM: summons 2 hostile shadow creatures
  1915 | D:2      | XOM: mild Tloc miscast
  1954 | D:2      | XOM: harmless Summ miscast
  2172 | D:3      | XOM: blink monster(s)
  2188 | D:3      | Gained mutation: A weak demonic guardian rushes to your aid. [demonic ancestry]
  2188 | D:3      | Reached XP level 6. HP: 35/47 MP: 6/6
  2288 | D:3      | XOM: enchant monster (good)
  2421 | D:3      | Found an iron altar of Okawaru.
  2988 | D:4      | XOM: polymorph orc -> goblin
  3012 | D:4      | Reached skill level 5 in Maces & Flails
  3355 | D:4      | XOM: medium Tloc miscast
  3374 | D:4      | XOM: polymorph iron imp -> ufetubus
  3575 | D:4      | Reached skill level 5 in Armour
  3575 | D:4      | Gained mutation: You have razor-sharp toenails. [demonic ancestry]
  3575 | D:4      | Reached XP level 7. HP: 45/52 MP: 7/7
  3637 | D:4      | XOM: scenery: 1 doors open
  4194 | D:5      | Entered Level 5 of the Dungeon
  4429 | D:5      | XOM: swap monsters
  4433 | D:5      | Noticed Menkaure
  4437 | D:5      | XOM: cleaving
  4439 | D:5      | XOM: polymorph orc -> hobgoblin
  4440 | D:5      | Killed Menkaure
  4496 | D:5      | XOM: medium Summ miscast
  4500 | D:5      | XOM: smoke on damage
  4507 | D:5      | XOM: butterfly on damage
  4543 | D:5      | XOM: potion effect (agility)
  4769 | D:5      | XOM: cast spell 'Discord'
  4818 | D:5      | XOM: scenery: create altars
  5163 | D:5      | XOM: mild Summ miscast
  5194 | D:5      | XOM: divination: detect items
  5409 | D:5      | XOM: butterfly on damage
  5415 | D:5      | Reached XP level 8. HP: 38/58 MP: 8/8
  5429 | D:5      | XOM: cast spell 'Dispersal'
  5638 | D:5      | XOM: 2-stop teleportation journey
  5855 | D:5      | Found a sparkling altar of Nemelex Xobeh.
  6105 | D:5      | XOM: medium Necr miscast
  6153 | D:5      | Found a staircase to the Ecumenical Temple.
  6153 | D:5      | Noticed Eustachio
  6154 | D:5      | XOM: scenery: 1 doors open
  6163 | D:5      | XOM: summons 5 friendly demons
  6181 | D:5      | Killed Eustachio
  6285 | D:5      | XOM: give mutations
  6285 | D:5      | Gained mutation: Your mind is acute. (Int +2) [Xom's grace]
  6285 | D:5      | Gained mutation: You are robust. (+10% HP) [Xom's grace]
  6285 | D:5      | Gained mutation: You can translocate small distances at will. [Xom's grace]
  6850 | D:6      | Noticed Grinder
  6852 | D:6      | XOM: silly message
  6868 | D:6      | XOM: potion effect (agility)
  6874 | D:6      | Paralysed by Grinder for 3 turns
  6877 | D:6      | Killed Grinder
  7094 | D:6      | XOM: potion effect (berserk rage)
  7346 | D:6      | XOM: mild Summ miscast
  7511 | D:6      | Found a basalt altar of Yredelemnul.
  7737 | D:5      | XOM: give mutations
  7737 | D:5      | Gained mutation: You have claws for feet. [Xom's grace]
  7737 | D:5      | Gained mutation: Your system is resistant to poisons. (rPois) [Xom's grace]
  7737 | D:5      | Gained mutation: You have a pair of small horns on your head. [Xom's grace]
  7737 | D:5      | Gained mutation: You are agile. (Dex +2) [Xom's grace]
  8104 | D:6      | XOM: give mutations
  8104 | D:6      | Gained mutation: Your natural rate of healing is unusually fast. [Xom's grace]
  8104 | D:6      | Gained mutation: Your muscles are strong. (Str +2) [Xom's grace]
  8104 | D:6      | Gained mutation: Your skin changes colour to match your surroundings (Stealth+). [Xom's grace]
  8117 | D:6      | XOM: polymorph gnoll -> river rat
  8209 | D:7      | XOM: confuse monster(s)
  8354 | D:7      | XOM: 8-stop teleportation journey
  8483 | D:7      | Got a spiked cloak
  8484 | D:7      | Identified the +2 cloak "Ystorgh" {Int+3} (You found it on level 7 of the Dungeon)
  8531 | D:7      | XOM: polymorph ufetubus -> white imp
  8620 | D:7      | Noticed Prince Ribbit
  8629 | D:7      | Killed Prince Ribbit
  8629 | D:7      | Reached XP level 9. HP: 65/69 MP: 9/9
  8636 | D:7      | Found a glowing golden altar of the Shining One.
  8695 | D:7      | XOM: give mutations
  8695 | D:7      | Lost mutation: You are robust. (+10% HP) [Xom's mischief]
  8695 | D:7      | Lost mutation: Your system is resistant to poisons. (rPois) [Xom's mischief]
  8695 | D:7      | Gained mutation: Your body sometimes deteriorates upon taking damage. [Xom's mischief]
  8848 | D:7      | Found a deep blue altar of Sif Muna.
  8848 | D:7      | Found a white marble altar of Elyvilon.
  9036 | D:8      | Noticed Psyche
  9036 | D:8      | Noticed a two-headed ogre
  9056 | D:8      | XOM: summons friendly iron imp
  9069 | D:8      | XOM: 1-stop teleportation journey
  9070 | D:8      | Noticed Pikel
  9079 | D:8      | XOM: summons friendly white imp
  9080 | D:8      | Killed Pikel
  9080 | D:8      | Reached skill level 1 in Shields
  9115 | D:8      | Killed Psyche
  9133 | D:8      | XOM: confuse monster(s)
  9134 | D:8      | Noticed Grum
  9250 | D:8      | Reached XP level 10. HP: 67/70 MP: 10/10
  9397 | D:8      | Noticed LittCuttar's ghost (novice MiFi)
  9406 | D:8      | XOM: god gift: 8 curare-tipped needles
  9413 | D:8      | Killed LittCuttar's ghost
  9442 | D:8      | XOM: divine lightning
  9456 | D:8      | Killed a two-headed ogre
  9480 | D:8      | Found a hide-covered altar of Uskayaw.
  9480 | D:8      | Found a hazy altar of Hepliaklqana.
  9480 | D:8      | XOM: 7-stop teleportation journey
  9500 | D:8      | XOM: scenery: 1 doors open, 1 doors close
  9612 | D:8      | XOM: god gift: book of Frost
  9614 | D:8      | XOM: cleaving
  9841 | D:8      | XOM: give mutations
  9841 | D:8      | Gained mutation: You are very agile. (Dex +4) [Xom's grace]
  9841 | D:8      | Gained mutation: Your spells are a little harder to cast, but a little more powerful. [Xom's grace]
  9841 | D:8      | Gained mutation: You are resistant to hostile enchantments. (MR+) [Xom's grace]
 10045 | D:8      | XOM: give mutations
 10045 | D:8      | Gained mutation: Your mind is very acute. (Int +4) [Xom's grace]
 10045 | D:8      | Gained mutation: You are resistant to electric shocks. (rElec) [Xom's grace]
 10127 | D:9      | Noticed a two-headed ogre
 10128 | D:9      | XOM: divination: detect items
 10147 | D:8      | XOM: scenery: create altars
 10170 | D:8      | Reached skill level 10 in Maces & Flails
 10207 | D:9      | XOM: fog
 10212 | D:9      | Killed a two-headed ogre
 10268 | D:9      | XOM: god gift: brown potion {god gift}
 10387 | D:9      | Reached skill level 10 in Armour
 10501 | D:9      | XOM: divine lightning
 10596 | D:9      | XOM: scenery: create altars
 10672 | D:9      | XOM: medium Tmut miscast
 10788 | D:9      | Noticed a death knight
 10854 | D:9      | XOM: enchant monster (good)
 10936 | D:9      | XOM: summons 4 hostile shadow creatures
 11014 | D:10     | Entered Level 10 of the Dungeon
 11035 | D:10     | XOM: blink monster(s)
 11123 | D:10     | XOM: silly message
 11138 | D:10     | XOM: confuse monster(s)
 11236 | D:10     | XOM: god gift: 21 gold pieces
 11293 | D:10     | Got a brightly glowing chain mail
 11294 | D:10     | Identified the cursed +0 chain mail of Hedge Wizardry {rC+ Str+4 Dex+4} (You found it on level 10 of the Dungeon)
 11437 | D:10     | XOM: smoke on damage
 11452 | D:10     | Mutation became permanent: You have razor-sharp toenails. [demonic ancestry]
 11452 | D:10     | Gained mutation: You have claws for feet. [demonic ancestry]
 11452 | D:10     | Reached XP level 11. HP: 39/78 MP: 11/11
 11646 | D:10     | XOM: smoke on damage
 11648 | D:10     | XOM: cast spell 'Summon Mana Viper'
 11649 | D:10     | Paralysed by a hornet for 1 turns
 11805 | D:10     | XOM: harmless Fire miscast
 12017 | D:10     | XOM: cast spell 'Summon Hydra'
 12021 | D:10     | Paralysed by a hornet for 2 turns
 12022 | D:10     | Reached skill level 5 in Fighting
 12149 | D:10     | XOM: confuse monster(s)
 12151 | D:10     | XOM: confuse monster(s)
 12154 | D:10     | XOM: noise
 12197 | D:10     | XOM: torment (41/80 hp)
 12263 | D:11     | Noticed a brown ugly thing
 12268 | D:11     | XOM: god gift: 650 gold pieces
 12292 | D:10     | XOM: summons friendly ufetubus
 12309 | D:10     | XOM: god gift: 17 gold pieces
 12322 | D:10     | Killed a brown ugly thing
 12343 | D:10     | XOM: 4-stop teleportation journey
 12389 | D:11     | Noticed a two-headed ogre
 12391 | D:11     | XOM: scenery: create altars
 12399 | D:11     | Killed a two-headed ogre
 12453 | D:11     | XOM: divination: detect items
 12454 | D:11     | XOM: enchant monster (good)
 12487 | D:11     | XOM: enchant monster (good)
 12504 | D:11     | XOM: cast spell 'Olgreb's Toxic Radiance'
 12547 | D:11     | Found a staircase to the Orcish Mines.
 12599 | D:11     | XOM: harmless Tmut miscast
 12607 | D:11     | XOM: noise
 12615 | D:11     | XOM: confuse monster(s)
 12699 | D:11     | Found Naegeras's Magic Scroll Emporium.
 12719 | D:11     | Bought a scroll of identify for 34 gold pieces
 12719 | D:11     | Bought a scroll of identify for 34 gold pieces
 12758 | D:11     | Found a staircase to the Lair.
 13277 | D:11     | XOM: harmless Chrm miscast
 13344 | D:11     | XOM: butterfly on damage
 13560 | D:11     | XOM: divination: detect creatures
 13619 | Lair:1   | Entered Level 1 of the Lair of Beasts
 13894 | Lair:1   | XOM: silly message
 13905 | Lair:1   | XOM: divination: magic mapping
 14003 | Lair:1   | XOM: silly message
 14366 | Lair:2   | XOM: potion effect (might)
 14531 | Lair:2   | Gained mutation: A demonic guardian rushes to your aid. [demonic ancestry]
 14531 | Lair:2   | Reached XP level 12. HP: 65/91 MP: 12/12
 14665 | Lair:2   | XOM: harmless Summ miscast
 14717 | Lair:2   | XOM: summons 2 friendly demons
 14863 | Lair:2   | XOM: noise
 14944 | Lair:2   | XOM: confuse monster(s)
 15030 | Lair:3   | XOM: fake destruction
 15044 | Lair:3   | HP: 3/92 [tyrant leech (24)]
 15055 | Lair:3   | Slain by a tyrant leech

Skill      XL: |  1  2  3  4  5  6  7  8  9 10 11 |
---------------+----------------------------------+-----
Armour         | 2 3 4 5 6 7 9 10 11 | 11.6
Maces & Flails | 3 4 5 6 8 9 10 11 | 11.9
Shields        | 3 4 |  4.6
Fighting       | 4 7 |  7.7
Dodging        | |  0.8

Action                   |  1- 3 |  4- 6 |  7- 9 | 10-12 || total
-------------------------+-------+-------+-------+-------++-------
Melee: Mace              |   109 |   188 |   410 |       ||   707
       Kick              |       |       |    75 |   284 ||   359
       Headbutt          |       |       |    44 |   189 ||   233
       Whip              |       |       |    48 |   805 ||   853
 Abil: Blink             |       |       |       |     1 ||     1
Evoke: Wand              |       |       |     1 |       ||     1
  Use: Scroll            |       |     3 |    15 |     4 ||    22
       Potion            |       |       |     1 |     2 ||     3
 Stab: Sleeping          |     2 |       |     3 |     7 ||    12
       Paralysed         |     1 |       |     7 |       ||     8
       Petrified         |       |     4 |       |     2 ||     6
       Distracted        |       |     1 |     4 |     5 ||    10
       Petrifying        |       |     1 |       |       ||     1
       Confused          |       |       |     1 |     5 ||     6
  Eat: Chunk             |     2 |     7 |    16 |    14 ||    39
       Royal jelly       |       |       |     1 |       ||     1
       Bread ration      |       |       |       |     2 ||     2
Armor: Leather armour    |    53 |    99 |   183 |    43 ||   378
       Troll leather arm |       |       |       |   125 ||   125
Dodge: Dodged            |    66 |   164 |   256 |   201 ||   687
Block: Buckler           |       |       |       |   116 ||   116
